 Dungeon Crawl Stone Soup version 0.23.0 (webtiles) character file.

Game seed: 3483476938328106237

1214 tyn the Geomancer (level 8, -2/44 HPs)
             Began as a Gargoyle Earth Elementalist on Feb 17, 2019.
             Slain by a mummy (4 damage)
             ... on level 5 of the Dungeon.
             The game lasted 00:16:47 (3657 turns).

tyn the Geomancer (Gargoyle Earth Elementalist)     Turns: 3657, Time: 00:16:48

Health: -2/44      AC:  8    Str: 18      XL:     8   Next: 46%
Magic:  0/16       EV: 11    Int: 17      God:
Gold:   162        SH:  0    Dex:  6 (10) Spells: 8/17 levels left

rFire    . . .     SeeInvis .   f - +2 whip (drain)
rCold    . . .     Gourm    .   (no shield)
rNeg     + + .     Faith    .   x - +1 robe of Life {rN+}
rPois    ∞         Spirit   .   (no helmet)
rElec    +         Reflect  .   (no cloak)
rCorr    .         Harm     .   (no gloves)
MR       .....                  (no boots)
Stlth    ++........             (no amulet)
HPRegen  0.14/turn              (no ring)
MPRegen  0.15/turn              (no ring)

@: mighty
A: negative energy resistance 1, electricity resistance, unbreathing,
petrification resistance, rot immunity, AC +5
a: no special abilities


You were on level 5 of the Dungeon.
You were not hungry.

You visited 1 branch of the dungeon, and saw 5 of its levels.
You also visited: Ossuary.

You collected 162 gold pieces.

Inventory:

Hand Weapons
 f - a +2 whip of draining (weapon)
 t - a +2 flail of protection
 A - a +0 giant club
Missiles
 b - 8 stones (quivered)
Armour
 c - a +0 robe
 m - a +2 robe of fire resistance
 x - the +1 robe of Life (worn) {rN+}
   (You found it on level 4 of the Dungeon)

   It protects you from negative energy.
Jewellery
 a - an uncursed ring of protection from fire
 s - an uncursed ring of resist corrosion
Wands
 v - a wand of random effects (11)
Scrolls
 e - a scroll of fog
 h - 2 scrolls of teleportation
 r - 2 scrolls of immolation
 D - a scroll of fear {unknown}
Potions
 g - a potion of flight {unknown}
 i - a potion of berserk rage {unknown}
 l - a potion of lignification {unknown}
 o - a potion of might
 q - 2 potions of curing {unknown}
 w - a potion of magic {unknown}
 z - a potion of haste {unknown}
 B - a potion of cancellation {unknown}
 C - a potion of brilliance {unknown}
Comestibles
 d - 10 rations


   Skills:
 + Level 1.7 Fighting
 + Level 1.5 Maces & Flails
 + Level 1.7 Armour
 - Level 1.5 Dodging
 - Level 2.1 Stealth
 + Level 5.4 Spellcasting
 * Level 2.7 Conjurations
   Level 0.7 Transmutations
 + Level 8.6 Earth Magic
 + Level 1.6 Evocations


You had 8 spell levels left.
You knew the following spells:

 Your Spells              Type           Power        Failure   Level  Hunger
a - Sandblast             Erth           ####..       1%          1    None
b - Stone Arrow           Conj/Erth      ###...       4%          3    ##.....
c - Lee's Rapid Deconstr  Erth           ####......   11%         5    ######.

Your spell library contained the following spells:

 Spells                   Type           Power        Failure   Level  Hunger
 Passwall                 Tmut/Erth      ###.....     3%          2    #......
 Corona                   Hex            #......      14%         1    None
 Ensorcelled Hibernation  Hex/Ice        #.....       21%         2    #......
 Petrify                  Tmut/Erth      ###.....     21%         4    ####...
 Dazzling Spray           Conj/Hex       #.....       24%         3    ##.....
 Confuse                  Hex            #.......     38%         3    ##.....
 Tukima's Dance           Hex            #.......     38%         3    ##.....


Dungeon Overview and Level Annotations

Branches:
Dungeon (5/15)
 Temple: D:4-7

Altars:
Elyvilon
Zin


Innate Abilities, Weirdness & Mutations

You are resistant to torment.
Your stone body is resilient. (AC +5)
You are immune to poison.
You resist negative energy. (rN+)
You are resistant to electric shocks. (rElec)
You can survive without breathing.
You are immune to petrification.
You are immune to rotting.


Message History

The quasit claws you but does no damage.
You miss the quasit.
The quasit is almost dead.
The quasit closely misses you. x2
The quasit claws you but does no damage.
The mummy misses you.
You closely miss the quasit.
The quasit is almost dead.
The quasit bites you.
* * * LOW HITPOINT WARNING * * *
The quasit barely misses you. The quasit claws you.
* * * LOW HITPOINT WARNING * * *
You feel clumsy.
You barely miss the quasit.
The quasit is almost dead.
The quasit bites you but does no damage.
The quasit barely misses you.
The quasit claws you but does no damage.
The mummy hits you.
You die...

***,,,*#......####..,,*,
***,,,**#..#.#### **##,*,
**,,,,,....*#.######******,
*,,,,*#######.#.....,,,,,*,
*,,,**#.........#**********
*********** #.......[.# *,
,,,,,,,,,,* #.........# **
,,,,,,,,,,* #....5....#
,,,,,,,,,,**##..@..####**********
,,,,,,,,,....Y..M.......,,,,,,,,,
,,,,,,,,,.###..)........,,,,,****
,,,,,,,,,,* #...########****,,,,,
*********** ####* ******


You could see a sky beast, a mummy and a quasit.

Vanquished Creatures
  A hippogriff (D:4)
  Edmund (D:4)
  Duvessa (D:4)
  3 ogres (D:4)
  A scorpion (D:5)
  Dowan (D:4)
  A crimson imp (D:3)
  A hound (D:4)
  Ijyb (D:4)
  Jessica (D:2)
  5 orc wizards
  A mummy (Ossuary)
  8 adders
  2 oozes
  3 worms (D:2)
  A dart slug (D:2)
  5 leopard geckos
  15 orcs
  A ball python (D:2)
  A giant cockroach (D:2)
  12 goblins
  8 hobgoblins
  A quokka (D:3)
  7 bats
  10 frilled lizards
  A gnoll zombie (Ossuary)
  2 hobgoblin zombies (Ossuary)
  5 kobolds
  A kobold zombie (Ossuary)
  4 orc zombies (Ossuary)
  A quokka skeleton (D:4)
  8 rats
114 creatures vanquished.

Notes
Turn   | Place    | Note
-------+----------+-------------------------------------------
     0 | D:1      | tyn the Gargoyle Earth Elementalist began the quest for the
                  | Orb.
     0 | D:1      | Reached XP level 1. HP: 10/10 MP: 3/3
   125 | D:1      | Reached skill level 4 in Earth Magic
   392 | D:1      | Reached XP level 2. HP: 15/15 MP: 1/5
   690 | D:1      | Reached XP level 3. HP: 19/19 MP: 0/6
   695 | D:1      | Learned a level 3 spell: Stone Arrow
   958 | D:2      | Noticed Jessica
   960 | D:2      | Killed Jessica
   960 | D:2      | Reached skill level 5 in Earth Magic
  1035 | D:2      | Reached XP level 4. HP: 24/24 MP: 4/8
  1283 | D:2      | Reached XP level 5. HP: 22/28 MP: 2/9
  1553 | D:2      | Reached skill level 6 in Earth Magic
  2061 | D:3      | Reached XP level 6. HP: 29/32 MP: 5/11
  2537 | D:3      | Found a glowing silver altar of Zin.
  2537 | D:3      | Found a white marble altar of Elyvilon.
  2826 | D:4      | Noticed Duvessa
  2826 | D:4      | Noticed Dowan
  2855 | D:4      | Noticed Ijyb
  2863 | D:4      | Reached skill level 7 in Earth Magic
  2868 | D:4      | Reached XP level 7. HP: 34/36 MP: 0/14
  2877 | D:4      | Killed Ijyb
  2880 | D:4      | Reached skill level 8 in Earth Magic
  2912 | D:4      | Noticed Edmund
  2938 | D:4      | Killed Edmund
  2938 | D:4      | Reached skill level 5 in Spellcasting
  3053 | D:4      | Got a creamy pearl robe
  3061 | D:4      | Learned a level 5 spell: Lee's Rapid Deconstruction
  3071 | D:4      | Identified the +1 robe of Life {rN+} (You found it on level
                  | 4 of the Dungeon)
  3101 | D:4      | Noticed a hippogriff
  3108 | D:4      | Killed a hippogriff
  3108 | D:4      | Reached skill level 1 in Fighting
  3108 | D:4      | Reached skill level 1 in Maces & Flails
  3108 | D:4      | Reached skill level 1 in Armour
  3108 | D:4      | Reached skill level 1 in Conjurations
  3108 | D:4      | Reached skill level 1 in Evocations
  3108 | D:4      | Reached XP level 8. HP: 27/43 MP: 10/15
  3324 | D:4      | Killed Dowan
  3334 | D:4      | Killed Duvessa
  3569 | D:5      | Entered Level 5 of the Dungeon
  3616 | D:5      | Found a sand-covered staircase.
  3625 | Ossuary  | Entered an ossuary
  3656 | D:5      | HP: 2/44 [quasit (2)]
  3657 | D:5      | Slain by a mummy

Skill      XL: |  1  2  3  4  5  6  7  8 |
---------------+-------------------------+-----
Earth Magic    | 4 5 6 7 8 |  8.6
Spellcasting   | 3 4 5 |  5.4
Fighting       | 1 |  1.7
Maces & Flails | 1 |  1.5
Armour         | 1 |  1.7
Conjurations   | 1 2 |  2.7
Evocations     | 1 |  1.6
Dodging        | |  1.5
Stealth        | |  2.1
Transmutations | |  0.7

Action                   |  1- 3 |  4- 6 |  7- 9 || total
-------------------------+-------+-------+-------++-------
Melee: Unarmed           |    18 |       |       ||    18
       Whip              |    29 |    79 |    44 ||   152
Throw: Stone             |       |     1 |       ||     1
 Cast: Sandblast         |    23 |    74 |    42 ||   139
       Stone Arrow       |       |     2 |     5 ||     7
       Lee's Rapid Decon |       |       |     1 ||     1
  Use: Scroll            |       |     5 |     7 ||    12
       Potion            |       |       |     1 ||     1
  Eat: Ration            |     1 |     1 |     1 ||     3
Armor: Robe              |    18 |    38 |    34 ||    90
Dodge: Dodged            |    28 |    61 |    48 ||   137
